 Dungeon Crawl Stone Soup version 0.29-a0-529-gfa20dd96a1 (webtiles) character file.

Game seed: 452855670156816177

89 MechDurjaeses the Slinger (level 4, -1/34 HPs)
             Began as a Gnoll Wanderer on June 2, 2022.
             Killed from afar by dabmancer's ghost (7 damage)
             ... with a magic dart
             ... on level 3 of the Dungeon.
             The game lasted 00:07:30 (2088 turns).

MechDurjaeses the Slinger (Gnoll Wanderer)          Turns: 2088, Time: 00:07:31

Health: -1/34      AC:  2    Str:  8    XL:     4   Next: 55%
Magic:  5/5        EV: 11    Int: 15    God:
Gold:   139        SH:  5    Dex: 16    Spells: 5/5 levels left

rFire   . . .      SeeInvis .   a - +2 hunting sling
rCold   . . .      Faith    .   c - +0 buckler
rNeg    . . .      Spirit   .   k - +0 robe "Ececofuz" {Fly Int+3}
rPois   .          Reflect  .   (no helmet)
rElec   .          Harm     .   (no cloak)
rCorr   .          Rampage  .   (no gloves)
Will    .....                   (no boots)
Stlth   ++........              (no amulet)
HPRegen 0.11/turn               (no ring)
MPRegen 0.09/turn               (no ring)

@: flying
A: fangs 1, strong nose, distributed training
a: no special abilities


You were on level 3 of the Dungeon.
You visited 1 branch of the dungeon, and saw 3 of its levels.

You collected 139 gold pieces.

Inventory:

Hand Weapons
 a - a +2 hunting sling (weapon)
 b - a +0 spear
 i - a +0 vampiric short sword
Missiles
 f - 31 stones
 j - 10 boomerangs
Armour
 c - a +0 buckler (worn)
 k - the +0 robe "Ececofuz" (worn) {Fly Int+3}
   (You found it on level 2 of the Dungeon)

   Int:       It affects your intelligence (+3).
   Fly:       It grants you flight.
Wands
 e - a wand of flame (8)
Scrolls
 d - a scroll of noise
 g - a scroll of poison {unknown}
Potions
 h - a potion of lignification {unknown}
 m - a potion of magic
 n - a potion of attraction


   Skills:
 + Level 2.8 Fighting
 + Level 1.2 Short Blades
 + Level 1.2 Long Blades
 + Level 1.2 Axes
 + Level 1.2 Maces & Flails
 + Level 2.8 Polearms
 + Level 1.2 Staves
 + Level 8.6 Slings
 + Level 1.2 Bows
 + Level 1.2 Crossbows
 + Level 1.2 Throwing
 + Level 4.6 Armour
 + Level 1.2 Dodging
 + Level 1.2 Stealth
 + Level 4.6 Shields
 + Level 1.2 Unarmed Combat
 + Level 1.2 Spellcasting
 + Level 1.0 Conjurations
 + Level 1.0 Hexes
 + Level 1.0 Summonings
 + Level 1.0 Necromancy
 + Level 1.0 Translocations
 + Level 1.0 Transmutations
 + Level 1.0 Fire Magic
 + Level 1.0 Ice Magic
 + Level 1.0 Air Magic
 + Level 1.0 Earth Magic
 + Level 1.0 Poison Magic
 + Level 1.3 Invocations
 + Level 1.2 Evocations


You had 5 spell levels left.
You didn't know any spells.
Your spell library was empty.

Dungeon Overview and Level Annotations

Branches:
Dungeon (3/15)

Altars:
Vehumet
Beogh

Annotations:
D:3 dabmancer's ghost, amateur OpWz


Innate Abilities, Weirdness & Mutations

You have very sharp teeth.
Your uncanny sense of smell can sniff out nearby items.
Your experience applies equally to all skills.


Message History

Your Summonings skill increases to level 1!
Your Necromancy skill increases to level 1!
Your Translocations skill increases to level 1!
Your Transmutations skill increases to level 1!
Your Fire Magic skill increases to level 1!
Your Ice Magic skill increases to level 1!
Your Air Magic skill increases to level 1!
Your Earth Magic skill increases to level 1!
Your Poison Magic skill increases to level 1!
Unknown command.
Fire: a) +2 hunting sling
Press: ? - help, Q - select action, (/) - cycle Shift-Dir - straight line, f - dabmancer's ghost
Aim: dabmancer's ghost (56% to hit)
You shoot a sling bullet.
The sling bullet hits dabmancer's ghost!
Dabmancer's ghost is moderately damaged.
Fire: a) +2 hunting sling
Press: ? - help, Q - select action, (/) - cycle Shift-Dir - straight line, f/p - dabmancer's ghost
Aim: dabmancer's ghost (moderately damaged, 56% to hit)
You shoot a sling bullet.
The sling bullet barely misses dabmancer's ghost.
Dabmancer's ghost stares at you and mumbles some strange words.
The magic dart hits you.
* * * LOW HITPOINT WARNING * * *
Blink to where?
Press: ? - help, Dir - move target, p - dabmancer's ghost
As you read the scroll of blinking, it crumbles to dust.
Fire: a) +2 hunting sling
Press: ? - help, Q - select action, (/) - cycle Shift-Dir - straight line, f - dabmancer's ghost
Aim: dabmancer's ghost (moderately damaged, 56% to hit)
You shoot a sling bullet.
The sling bullet misses dabmancer's ghost.
Fire: a) +2 hunting sling
Press: ? - help, Q - select action, (/) - cycle Shift-Dir - straight line, f/p - dabmancer's ghost
Aim: dabmancer's ghost (moderately damaged, 56% to hit)
You shoot a sling bullet.
The sling bullet closely misses dabmancer's ghost.
Dabmancer's ghost stares at you and mumbles some strange words.
The magic dart hits you!
You die...

#.# #.# #.# #.# #.#
#.###.##### #.........#
..8# ######.###.# ...#
#.......@.#.# 8#.#
#.#####..##.# ##.#
#...#.# ...#
####.######..#.#
.oo###.##.........#.#
####...#########W##.#
...8##.#########.##.#
......Wo))....)..##.####
##.#.#.####.........#..#


You could see dabmancer's ghost.

Vanquished Creatures
  An orc priest (D:2)
  A gnoll (D:1)
  6 orcs
  7 ball pythons (D:2)
  5 endoplasms
  3 giant cockroaches (D:1)
  3 goblins
  2 hobgoblins (D:1)
  A quokka (D:1)
  2 bats (D:2)
  4 frilled lizards
  3 kobolds
  4 rats
42 creatures vanquished.

Notes
Turn   | Place    | Note
-------+----------+-------------------------------------------
     0 | D:1      | MechDurjaeses the Gnoll Wanderer began the quest for the
                  | Orb.
     0 | D:1      | MechDurjaeses set off with the following items: a +2
                  | hunting sling, a +0 spear, a +0 buckler, a potion of haste,
                  | a +0 robe
     0 | D:1      | Reached XP level 1. HP: 17/17 MP: 1/1
   210 | D:1      | Reached XP level 2. HP: 23/23 MP: 2/2
   551 | D:1      | Reached XP level 3. HP: 28/28 MP: 3/3
   848 | D:2      | Found a radiant altar of Vehumet.
   879 | D:2      | Found a faded altar of an unknown god.
   893 | D:2      | Identified the +0 robe "Ececofuz" {Fly Int+3}
  1033 | D:2      | Reached skill level 1 in Invocations
  1131 | D:2      | HP: 1/28 [orc/+0 hand axe (1)]
  1398 | D:2      | Reached skill level 1 in Short Blades
  1398 | D:2      | Reached skill level 1 in Long Blades
  1398 | D:2      | Reached skill level 1 in Axes
  1398 | D:2      | Reached skill level 1 in Maces & Flails
  1398 | D:2      | Reached skill level 1 in Staves
  1398 | D:2      | Reached skill level 1 in Bows
  1398 | D:2      | Reached skill level 1 in Crossbows
  1398 | D:2      | Reached skill level 1 in Throwing
  1398 | D:2      | Reached skill level 1 in Dodging
  1398 | D:2      | Reached skill level 1 in Stealth
  1398 | D:2      | Reached skill level 1 in Unarmed Combat
  1398 | D:2      | Reached skill level 1 in Spellcasting
  1398 | D:2      | Reached skill level 1 in Evocations
  1398 | D:2      | Reached XP level 4. HP: 16/34 MP: 5/5
  2046 | D:3      | Found a runed translucent gate.
  2046 | D:3      | Noticed dabmancer's ghost (amateur OpWz)
  2047 | D:3      | Found a runed translucent gate.
  2047 | D:3      | Identified the +4 short sword of Gaokoaxa {flame, rElec rF-
                  | rCorr MP+9}
  2048 | D:3      | Found a runed translucent gate.
  2084 | D:3      | Reached skill level 1 in Conjurations
  2084 | D:3      | Reached skill level 1 in Hexes
  2084 | D:3      | Reached skill level 1 in Summonings
  2084 | D:3      | Reached skill level 1 in Necromancy
  2084 | D:3      | Reached skill level 1 in Translocations
  2084 | D:3      | Reached skill level 1 in Transmutations
  2084 | D:3      | Reached skill level 1 in Fire Magic
  2084 | D:3      | Reached skill level 1 in Ice Magic
  2084 | D:3      | Reached skill level 1 in Air Magic
  2084 | D:3      | Reached skill level 1 in Earth Magic
  2084 | D:3      | Reached skill level 1 in Poison Magic
  2088 | D:3      | Killed from afar by dabmancer's ghost

Illustrated notes

Levels and vault maps discovered:
D:1:      mushboom_english_gardens, layout_basic, kennysheep_decorative_pillar
D:2:      layout_loops_ring, basic_altar, nicolae_ecumenical_snake_handling
D:3:      layout_basic, biasface_ghost_orc_armoury

Skill      XL: |  1  2  3  4 |
---------------+-------------+-----
Invocations    | 1 |  1.3
Short Blades   | 1 |  1.2
Long Blades    | 1 |  1.2
Axes           | 1 |  1.2
Maces & Flails | 1 |  1.2
Staves         | 1 |  1.2
Bows           | 1 |  1.2
Crossbows      | 1 |  1.2
Throwing       | 1 |  1.2
Dodging        | 1 |  1.2
Stealth        | 1 |  1.2
Unarmed Combat | 1 |  1.2
Spellcasting   | 1 |  1.2
Evocations     | 1 |  1.2
Conjurations   | 1 |  1.0
Hexes          | 1 |  1.0
Summonings     | 1 |  1.0
Necromancy     | 1 |  1.0
Translocations | 1 |  1.0
Transmutations | 1 |  1.0
Fire Magic     | 1 |  1.0
Ice Magic      | 1 |  1.0
Air Magic      | 1 |  1.0
Earth Magic    | 1 |  1.0
Poison Magic   | 1 |  1.0
Fighting       | |  2.8
Polearms       | |  2.8
Slings         | |  8.6
Armour         | |  4.6
Shields        | |  4.6

Action                   |  1- 3 |  4- 6 || total
-------------------------+-------+-------++-------
Melee: Short sword       |    14 |     8 ||    22
       Bite              |     3 |     2 ||     5
 Fire: Hunting sling     |    75 |    21 ||    96
Throw: Stone             |     1 |       ||     1
Evoke: Wand              |     8 |       ||     8
  Use: Potion            |     6 |       ||     6
       Scroll            |       |     4 ||     4
Armor: Robe              |       |     1 ||     1
Dodge: Dodged            |    12 |     4 ||    16
Block: Buckler           |     9 |     2 ||    11

Table legend: (Time is in decaauts)
 A = Elapsed time spent in this place.
 B = Non-inter-level travel time spent in this place.
 C = Inter-level travel time spent in this place.
 D = Time resting spent in this place.
 E = Time spent auto-exploring this place.
 F = Levels seen in this place.
 G = Mean time per level.
                   A        B        C        D        E       F      G
               +--------+--------+--------+--------+--------+-----+--------+
         Total |   2085 |   1924 |    161 |    416 |   1226 |   3 |  695.0 |
       Dungeon |   2085 |   1924 |    161 |    416 |   1226 |   3 |  695.0 |
               +--------+--------+--------+--------+--------+-----+--------+

Top non-repeatable levels by time:
     D:2: 1108 daAuts
     D:1: 854 daAuts
     D:3: 123 daAuts
